AoeStats
← Ivess

Black Forest

509501971Analyzed
4v4 RM · 6d ago on Sep 27, 2026· 83m 21s· 8 players
Game mode
Random Map
Map size
Large (8 player)
Population
200
Speed
Normal
Resources
Standard
Victory
Conquest
Starting age
Dark Age
Ending age
Imperial Age
RankedLock teamsTeams togetherTeam positionsShared explorationLock speedFull tech treeHidden civsTurbo modeCheats
Victory
Defeat
🇺🇸 Georgians · United States
684
+18
🇺🇸 Poles · United States
658
+19
🇪🇨 Vietnamese · Ecuador
646
+20
🇪🇨 Malians · Ecuador
624
+20
🇲🇽 Byzantines · Mexico
898
-26
🇲🇽 Franks · Mexico
774
-23
🇲🇽 Maya · Mexico
691
-18
🇧🇷 Turks · Brazil
543
-12
draco28939
3:02 Loom
11:14 Feudal Age
20:37 Wheelbarrow
23:55 Castle Age
25:06 Double-Bit Axe
28:41 Horse Collar
29:15 Scale Barding Armor
31:53 Szlachta Privileges
34:30 Imperial Age
34:27 Bow Saw
35:59 Hand Cart
35:58 Heavy Plow
35:54 Gold Mining
38:23 Crop Rotation
38:20 Ballistics
38:12 Fortified Wall
39:33 Town Watch
39:29 Cavalier
40:13 Husbandry
40:24 Bloodlines
40:38 Chain Barding Armor
42:05 Light Cavalry
43:04 Forging
42:45 Fletching
42:56 Padded Archer Armor
42:57 Scale Mail Armor
43:25 Lechitic Legacy
43:27 Conscription
44:32 Town Patrol
44:00 Winged Hussar
45:42 Stone Mining
49:27 Chemistry
48:05 Sappers
52:13 Bombard Tower
51:50 Murder Holes
51:48 Guard Tower
51:40 Treadmill Crane
52:25 Masonry
56:56 Elite Obuch
58:21 Thumb Ring
59:06 Iron Casting
58:47 Chain Mail Armor
59:14 Keep
63:44 Onager
Bernardo Vivanco
0:43 Loom
17:56 Feudal Age
19:17 Wheelbarrow
20:51 Horse Collar
21:18 Double-Bit Axe
21:50 Man-at-Arms
22:27 Gold Mining
23:17 Forging
24:53 Scale Mail Armor
25:03 Arson
26:22 Stone Mining
29:00 Castle Age
30:46 Hand Cart
30:56 Pikeman
30:58 Long Swordsman
31:39 Squires
32:22 Iron Casting
32:03 Chain Mail Armor
33:08 Gold Shaft Mining
32:51 Bow Saw
33:50 Caravan
34:53 Heavy Plow
34:59 Elite Skirmisher
37:49 Coinage
38:36 Stone Shaft Mining
38:50 Husbandry
39:02 Bloodlines
39:11 Scale Barding Armor
39:00 Fletching
42:04 Thumb Ring
42:42 Chain Barding Armor
42:21 Bodkin Arrow
42:27 Padded Archer Armor
42:53 Treadmill Crane
43:26 Fortified Wall
43:28 Masonry
48:14 Imperial Age
47:32 Murder Holes
47:58 Ballistics
48:06 Leather Archer Armor
50:02 Chemistry
49:36 Architecture
48:36 Two-Handed Swordsman
48:40 Imperial Skirmisher
48:43 Cavalier
50:10 Hoardings
49:59 Conscription
50:16 Hoardings
50:33 Plate Mail Armor
50:33 Ring Archer Armor
50:46 Crop Rotation
50:53 Champion
52:19 Farimba
54:18 Guard Tower
57:55 Heavy Camel Rider
66:48 Plate Barding Armor
65:43 Elite Gbeto
Hunkter
0:28 Loom
14:31 Feudal Age
17:21 Wheelbarrow
17:07 Double-Bit Axe
18:12 Horse Collar
20:14 Gold Mining
26:24 Castle Age
24:45 Stone Mining
24:53 Arson
27:57 Heavy Plow
28:10 Bow Saw
27:57 Pikeman
28:38 Squires
29:26 Hand Cart
29:54 Stone Shaft Mining
28:45 Elite Skirmisher
31:46 Forging
31:38 Scale Mail Armor
32:52 Caravan
33:40 Fortified Wall
35:04 Thumb Ring
35:36 Iron Casting
37:34 Ballistics
38:03 Chain Mail Armor
41:27 Imperial Age
40:06 Murder Holes
40:18 Padded Archer Armor
40:10 Fletching
41:05 Bodkin Arrow
41:28 Leather Archer Armor
42:38 Paper Money
42:55 Crop Rotation
44:28 Chemistry
44:25 Halberdier
44:27 Elite Fire Lancer
46:12 Plate Mail Armor
45:05 Imperial Skirmisher
46:18 Bracer
46:50 Ring Archer Armor
51:13 Two-Man Saw
62:28 Siege Engineers
62:33 Masonry
TurkusMunkusMaximus
2:57 Loom
VTCachorrao
2:57 Loom
Ivess
0:29 Loom
14:54 Feudal Age
16:50 Wheelbarrow
20:58 Horse Collar
23:27 Castle Age
21:56 Double-Bit Axe
23:51 Scale Mail Armor
23:54 Padded Archer Armor
24:06 Forging
23:47 Fletching
26:27 Heavy Plow
28:28 Bow Saw
30:12 Hand Cart
33:13 Gold Mining
33:15 Stone Mining
33:55 Chain Mail Armor
33:36 Bodkin Arrow
34:16 Iron Casting
33:58 Leather Archer Armor
38:48 Imperial Age
39:59 Bracer
40:31 Plate Mail Armor
40:32 Ring Archer Armor
40:07 Scale Barding Armor
39:46 Onager
43:26 Conscription
42:58 Elite Skirmisher
43:45 Thumb Ring
43:06 Pikeman
43:48 Squires
45:08 Elite Cataphract
46:30 Hoardings
46:00 Greek Fire
46:29 Chain Barding Armor
48:41 Light Cavalry
49:22 Husbandry
48:45 Heavy Camel Rider
52:11 Chemistry
51:07 Murder Holes
51:33 Ballistics
61:03 Caravan
Daviidts
14:30 Feudal Age
16:19 Wheelbarrow
15:32 Double-Bit Axe
19:39 Gold Mining
22:51 Castle Age
23:27 Stone Mining
24:38 Bow Saw
24:13 Crossbowman
24:26 Pikeman
25:24 Town Watch
27:20 Hand Cart
29:43 Gold Shaft Mining
33:28 Imperial Age
31:18 Treadmill Crane
31:59 Fortified Wall
31:46 Murder Holes
33:45 Town Patrol
36:00 Chemistry
37:06 Conscription
37:13 Ballistics
38:19 Halberdier
40:04 Padded Archer Armor
39:55 Fletching
40:16 Forging
40:07 Scale Mail Armor
40:13 Scale Barding Armor
40:20 Arrowslits
40:48 Masonry
43:40 Loom
45:12 Architecture
45:39 Squires
45:03 Elite Throwing Axeman
46:34 Light Cavalry
47:34 Leather Archer Armor
47:15 Bodkin Arrow
47:56 Iron Casting
47:37 Chain Mail Armor
47:42 Chain Barding Armor
46:48 Onager
46:49 Capped Ram
48:30 Husbandry
47:52 Cavalier
48:22 Arson
49:16 Hoardings
48:04 Ordonnance Companies
49:04 Siege Engineers
49:10 Careening
49:11 Clinker Construction
48:52 Guard Tower
51:48 Paladin
62:04 Blast Furnace
61:35 Plate Mail Armor
61:40 Plate Barding Armor
67:02 Chivalry
qonda.daniel
13:31 Feudal Age
14:38 Double-Bit Axe
14:38 Horse Collar
15:58 Loom
17:05 Gold Mining
19:38 Wheelbarrow
23:29 Stone Mining
27:03 Forging
26:53 Scale Mail Armor
26:45 Fletching
26:55 Padded Archer Armor
38:29 Castle Age
37:02 Man-at-Arms
37:29 Arson
38:38 Elite Skirmisher
38:43 Crossbowman
39:29 Thumb Ring
40:36 Thumb Ring
41:30 Hand Cart
41:25 Caravan
41:56 Coinage
41:31 Heavy Plow
40:58 Long Swordsman
40:58 Pikeman
41:40 Squires
42:35 Hul'che Javelineers
48:46 Imperial Age
49:01 Masonry
48:31 Treadmill Crane
48:42 Heated Shot
49:12 Ballistics
50:43 Holcans
49:40 Elite Plumed Archer
52:02 Guilds
52:34 Banking
54:08 Architecture
54:40 Chemistry
53:36 Murder Holes
53:52 Fortified Wall
53:53 Clinker Construction
53:55 Careening
53:36 Guard Tower
54:19 Arbalester
54:36 Eagle Warrior
57:41 Leather Archer Armor
57:42 Chain Mail Armor
58:03 Iron Casting
57:23 Bodkin Arrow
61:26 Stone Shaft Mining
61:24 Shipwright
60:29 Elite Eagle Warrior
60:30 Two-Handed Swordsman
60:31 Halberdier
62:03 Elite Skirmisher
67:08 Keep
72:54 Blast Furnace
72:24 Plate Mail Armor
71:55 Bracer
72:25 Ring Archer Armor
73:02 Crop Rotation
Connection lost

Rejoining the realm…

Still unreachable

The connection could not be restored.

Session expired

The server has moved on; the page needs a fresh start.